 Dungeon Crawl Stone Soup version 0.29.0-4-gdea44cf6ec (webtiles) character file.

Game seed: 15520229004768190465

2989 qw the Cleaver (level 9, -10/55 HPs)
             Began as a Gargoyle Fighter on Sept 7, 2022.
             Was an Initiate of Okawaru.
             Mangled by Joseph
             ... wielding a +4 quarterstaff of speed
              (14 damage)
             ... on level 7 of the Dungeon.
             The game lasted 00:03:14 (8008 turns).

qw the Cleaver (Gargoyle Fighter)                   Turns: 8008, Time: 00:03:15

Health: -10/55     AC: 20    Str: 24    XL:     9   Next: 83%
Magic:  8/9        EV:  5    Int:  9    God:    Okawaru [......]
Gold:   515        SH:  9    Dex:  9    Spells: 8/8 levels left

rFire   . . .      SeeInvis +   i - +0 broad axe (flame)
rCold   . . .      Faith    .   a - +0 kite shield
rNeg    + . .      Spirit   .   p - +0 plate armour
rPois   inf        Reflect  .   (no helmet)
rElec   +          Harm     .   (no cloak)
rCorr   +          Rampage  .   r - +1 Delatra's gloves {ID++}
Will    .....                   (no boots)
Stlth   ..........              (no amulet)
HPRegen 0.18/turn               h - ring of see invisible
MPRegen 0.11/turn               c - ring of resist corrosion

@: no status effects
A: sickness immunity, AC +6, negative energy resistance 1, electricity
resistance, torment resistance 1, petrification resistance
a: Renounce Religion


You were on level 7 of the Dungeon.
You worshipped Okawaru.
Okawaru was noncommittal.
You visited 2 branches of the dungeon, and saw 8 of its levels.

You collected 515 gold pieces.


Innate Abilities, Weirdness & Mutations

You are immune to sickness and miasma.
Your stone body is resilient. (AC +6)
You are immune to poison.
You resist negative energy. (rN+)
You are resistant to electric shocks. (rElec)
You are resistant to unholy torment.
You are immune to petrification.


   Skills:
 - Level 6.2 Fighting
 + Level 8.4 Axes
 - Level 2.9 Throwing
 - Level 5.0 Armour
 - Level 1.1 Dodging
 - Level 8.1 Shields
 - Level 0.3 Invocations


You had 8 spell levels left.
You didn't know any spells.
Your spell library was empty.

Inventory:

Hand Weapons
 i - a +0 broad axe of flaming (weapon)
Missiles
 g - a boomerang (quivered)
Armour
 a - a +0 kite shield (worn)
 p - a +0 plate armour (worn)
 r - the +1 Delatra's gloves (worn) {ID++}
   (You found it on level 3 of the Dungeon)

   It heals its wearer when they drink unknown potions.
   It restores its wearer's MP when they read unknown scrolls.
Jewellery
 c - a ring of resist corrosion (right hand)
 h - a ring of see invisible (left hand)
 n - a ring of fire
Scrolls
 k - 2 scrolls of identify
Potions
 b - a potion of mutation {unknown}
 d - a potion of might
 f - a potion of magic {unknown}
 l - 3 potions of curing
 o - a potion of haste

Dungeon Overview and Level Annotations

Branches:
Dungeon (7/15)             Temple (1/1) D:6

Altars:
Ashenzari
Cheibriados
Dithmenos
Elyvilon
Gozag
Hepliaklqana
Kikubaaqudgha
Makhleb
Okawaru
Qazlal
Ru
Sif Muna
Trog
Vehumet
Wu Jian
Xom
Yredelemnul
Zin
The Shining One

Shops:
D:5 :

Annotations:
D:4 1 runed translucent door, Crazy Yiuf
D:7 Joseph


Message History

You barely miss Joseph.
Joseph is heavily wounded.
Joseph hits you with a +4 quarterstaff of speed!
You completely miss Joseph.
Joseph is heavily wounded.
You block Joseph's attack. Joseph hits you but does no damage.
You barely miss Joseph.
Joseph is heavily wounded.
Joseph hits you with a +4 quarterstaff of speed!
8001 ||| DRINKING potion of heal wounds.
You feel much better.
Joseph hits you with a +4 quarterstaff of speed.
Joseph hits you but does no damage.
You hit Joseph. You burn Joseph.
Joseph is heavily wounded.
You feel like a meek peon again.
Joseph hits you with a +4 quarterstaff of speed!
You hit Joseph. You burn Joseph.
Joseph is heavily wounded.
You block Joseph's attack. Joseph hits you but does no damage.
You hit Joseph but do no damage.
Joseph is heavily wounded.
You block Joseph's attack. x2
You hit Joseph but do no damage.
Joseph is heavily wounded.
Joseph hits you but does no damage.
Joseph hits you with a +4 quarterstaff of speed!
You hit Joseph but do no damage.
Joseph is heavily wounded.
Joseph hits you with a +4 quarterstaff of speed.
You block Joseph's attack.
You slash Joseph! You burn Joseph.
Joseph is severely wounded.
Joseph completely misses you.
Joseph says, "It's nothing personal, but I have to kill you."
Joseph hits you but does no damage.
You barely miss Joseph.
Joseph is severely wounded.
Joseph hits you with a +4 quarterstaff of speed! x2
You die...

#.# #.# #. #.#.# #.#
#. #.#.# #.# #. #.#.#
#.# #. #.#.# #.# #. .
#.#.##########.# #.
##. #..
#.#..........#.# #.
...
.....#.##########.#.#
#. #.. ......@@.#
#.#.# #. ...
.......#.# #.#.# #.
.#. ########.# #.#.#
#. #.# #.#.# #. #.#
#.#.# #. #.# #.#)# #.
#.# #.#.# #. #.#
#.#.# #.
#.########.#.###.


You could see Joseph.

Vanquished Creatures
  Maggie (D:7)
  Sigmund (D:3)
  A steam dragon (D:6)
  2 water moccasins (D:6)
  Duvessa (D:6)
  An orc warrior (D:6)
  3 sky beasts
  A black bear (D:6)
  2 phantoms (D:5)
  A kobold brigand (D:6)
  A bullfrog (D:6)
  A necrophage (D:7)
  4 scorpions (D:5)
  4 wights (D:4)
  Dowan (D:6)
  2 howler monkeys
  An electric eel (D:6)
  A crimson imp (D:4)
  3 orc priests
  3 hounds
  Jessica (D:3)
  Natasha (thrice) (D:2)
  4 iguanas
  3 orc wizards
  3 gnolls (D:2)
  4 adders
  A shadow imp (D:5)
  A white imp (D:6)
  An ufetubus (D:5)
  A worm (D:2)
  3 dart slugs
  19 orcs
  4 endoplasms
  6 giant cockroaches
  8 goblins
  12 hobgoblins
  12 jackals
  10 kobolds
  5 quokkas
  5 ball pythons
  6 bats
  2 frilled lizards (D:1)
  6 rats
155 creatures vanquished.

Vanquished Creatures (others)
  2 plants (D:6)
2 creatures vanquished.

Grand Total: 157 creatures vanquished

Notes
Turn   | Place    | Note
-------+----------+-------------------------------------------
     0 | D:1      | qw the Gargoyle Fighter began the quest for the Orb.
     0 | D:1      | Reached XP level 1. HP: 14/14 MP: 1/1
     0 | D:1      | 0 ||| qw: Version: 0.1-a-108-g9e35731
     0 | D:1      | 0 ||| qw: Game counter: 6504
     0 | D:1      | 0 ||| qw: Always use a shield: true
     0 | D:1      | 0 ||| qw: God list: Okawaru
     0 | D:1      | 0 ||| qw: Allow faded altars: false
     0 | D:1      | 0 ||| qw: Do Orc after D:15 true
     0 | D:1      | 0 ||| qw: Do second Lair branch before Depths: true
     0 | D:1      | 0 ||| qw: Lair rune preference: random
     0 | D:1      | 0 ||| qw: Plans: Normal, Zot, God:TSO, Crypt, Tomb, Zig,
                  | Orb
     0 | D:1      | 0 ||| PLANNING D:1-11
   118 | D:1      | Noticed a floating eye
   129 | D:1      | Reached XP level 2. HP: 19/19 MP: 2/2
   130 | D:1      | Found a faded altar of an unknown god.
   132 | D:1      | Noticed a floating eye
   132 | D:1      | Noticed a floating eye
   132 | D:1      | Noticed a great orb of eyes
   243 | D:1      | 243 ||| Stepping ~*~*~tactically~*~*~ (stealth).
   417 | D:1      | 417 ||| DROPPING +1 vorpal flail.
   687 | D:1      | 687 ||| Stepping ~*~*~tactically~*~*~ (stealth).
   688 | D:1      | 688 ||| Stepping ~*~*~tactically~*~*~ (stealth).
   697 | D:1      | 697 ||| Stepping ~*~*~tactically~*~*~ (stealth).
   699 | D:1      | 699 ||| Stepping ~*~*~tactically~*~*~ (hiding).
   705 | D:1      | 705 ||| Stepping ~*~*~tactically~*~*~ (hiding).
   706 | D:1      | 706 ||| Stepping ~*~*~tactically~*~*~ (hiding).
   708 | D:1      | 708 ||| Stepping ~*~*~tactically~*~*~ (hiding).
   715 | D:1      | Reached skill level 3 in Axes
   715 | D:1      | Reached XP level 3. HP: 23/23 MP: 3/3
   846 | D:1      | 846 ||| READING scroll labelled IZARI EGGI.
   847 | D:1      | 847 ||| READING scroll labelled JUQUYL TEUREBY.
   848 | D:1      | 848 ||| READING scroll labelled OJUS NONTASCH.
   934 | D:2      | 934 ||| Stepping ~*~*~tactically~*~*~ (stealth).
   999 | D:2      | 999 ||| Stepping ~*~*~tactically~*~*~ (stealth).
  1090 | D:2      | Reached XP level 4. HP: 28/28 MP: 4/4
  1253 | D:2      | 1253 ||| FLEEEEING.
  1387 | D:2      | 1387 ||| Stepping ~*~*~tactically~*~*~ (stealth).
  1464 | D:2      | 1464 ||| Stepping ~*~*~tactically~*~*~ (stealth).
  1469 | D:2      | 1469 ||| Stepping ~*~*~tactically~*~*~ (stealth).
  1472 | D:2      | 1472 ||| Stepping ~*~*~tactically~*~*~ (stealth).
  1493 | D:2      | 1493 ||| Stepping ~*~*~tactically~*~*~ (stealth).
  1516 | D:2      | Noticed Natasha
  1534 | D:2      | HP: 5/28 [something (3)]
  1535 | D:2      | Killed Natasha
  1536 | D:2      | Reached XP level 5. HP: 6/32 MP: 5/5
  1903 | D:2      | Noticed Natasha
  1904 | D:2      | 1904 ||| Stepping ~*~*~tactically~*~*~ (hiding).
  1905 | D:2      | 1905 ||| Stepping ~*~*~tactically~*~*~ (hiding).
  1906 | D:2      | 1906 ||| Stepping ~*~*~tactically~*~*~ (hiding).
  1908 | D:2      | Killed Natasha
  2069 | D:2      | 2069 ||| UPGRADING to +0 kite shield.
  2079 | D:2      | 2079 ||| DROPPING +0 buckler.
  2080 | D:2      | 2080 ||| UPGRADING to ring of see invisible.
  2081 | D:2      | 2081 ||| READING scroll labelled OSUSMU FEUWUL.
  2082 | D:2      | 2082 ||| READING scroll labelled RYSUTOC UTWANN.
  2083 | D:2      | 2083 ||| READING 2 scrolls labelled CUSIUSTRYICS.
  2084 | D:2      | 2084 ||| READING scroll labelled MIAWUU WUTU.
  2087 | D:2      | 2087 ||| READING scroll labelled DUQEATITHROR.
  2088 | D:2      | 2088 ||| DROPPING scroll of noise.
  2090 | D:2      | Noticed Natasha
  2091 | D:2      | 2091 ||| Stepping ~*~*~tactically~*~*~ (stealth).
  2092 | D:2      | 2092 ||| Stepping ~*~*~tactically~*~*~ (stealth).
  2094 | D:2      | Killed Natasha
  2107 | D:3      | Noticed Jessica
  2114 | D:3      | Killed Jessica
  2166 | D:3      | Found a radiant altar of Vehumet.
  2536 | D:3      | Noticed Sigmund
  2551 | D:3      | Killed Sigmund
  2552 | D:3      | Reached XP level 6. HP: 35/37 MP: 6/6
  2951 | D:3      | Found the +1 Delatra's gloves {ID++}
  2991 | D:3      | 2991 ||| UPGRADING to +0 plate armour.
  3001 | D:3      | 3001 ||| DROPPING +0 scale mail.
  3002 | D:3      | 3002 ||| UPGRADING to +1 Delatra's gloves {ID++}.
  3007 | D:3      | 3007 ||| UPGRADING to ring of resist corrosion.
  3008 | D:3      | 3008 ||| READING scroll labelled KYISU GUFADGH.
  3009 | D:3      | 3009 ||| READING 2 scrolls labelled XINLAG ATRARI.
  3071 | D:3      | 3071 ||| READING scroll labelled ZIOQAQ LUQA.
  3072 | D:3      | 3072 ||| READING scroll labelled FYOROTHRERPH.
  3073 | D:3      | 3073 ||| READING 3 scrolls of identify.
  3073 | D:3      | 3073 ||| IDENTIFYING clear potion
  3074 | D:3      | 3074 ||| READING 2 scrolls of identify.
  3074 | D:3      | 3074 ||| IDENTIFYING green potion
  3075 | D:3      | 3075 ||| DROPPING scroll of torment.
  3076 | D:3      | 3076 ||| DROPPING potion of degeneration.
  3135 | D:4      | 3135 ||| Stepping ~*~*~tactically~*~*~ (stealth).
  3168 | D:4      | You fall into a shaft and drop 1 floor!
  3168 | D:5      | Entered Level 5 of the Dungeon
  3271 | D:5      | Identified the +1 ring mail of Understanding {Dex+2 Slay+3}
  3282 | D:5      | Found a basalt altar of Yredelemnul.
  3314 | D:5      | Reached XP level 7. HP: 43/44 MP: 7/7
  3448 | D:5      | 3448 ||| READING 2 scrolls of identify.
  3448 | D:5      | 3448 ||| IDENTIFYING fizzy yellow potion
  3449 | D:5      | 3449 ||| DROPPING potion of flight.
  3544 | D:4      | 3544 ||| Stepping ~*~*~tactically~*~*~ (hiding).
  3750 | D:4      | Reached skill level 6 in Axes
  3960 | D:4      | HP: 8/44 [wight/+3 great sword of freezing (16)]
  3960 | D:4      | HP: 2/44 [wight/+3 great sword of freezing (6)]
  3961 | D:4      | 3961 ||| DRINKING potion of heal wounds.
  3963 | D:4      | Reached skill level 6 in Shields
  4267 | D:4      | Found a glowing silver altar of Zin.
  4279 | D:4      | Found a shadowy altar of Dithmenos.
  4297 | D:4      | 4297 ||| Stepping ~*~*~tactically~*~*~ (stealth).
  4298 | D:4      | 4298 ||| Stepping ~*~*~tactically~*~*~ (stealth).
  4300 | D:4      | 4300 ||| Stepping ~*~*~tactically~*~*~ (hiding).
  4315 | D:4      | Reached XP level 8. HP: 31/48 MP: 8/8
  4713 | D:4      | Found a runed translucent door.
  4714 | D:4      | Noticed Crazy Yiuf
  4733 | D:4      | Found a shimmering altar of Xom.
  4733 | D:4      | Found a burning altar of Makhleb.
  5104 | D:4      | 5104 ||| READING scroll labelled MOTRER MOJIY.
  5105 | D:4      | 5105 ||| READING 2 scrolls of identify.
  5105 | D:4      | 5105 ||| IDENTIFYING fuming inky potion
  5229 | D:5      | 5229 ||| Stepping ~*~*~tactically~*~*~ (stealth).
  5230 | D:5      | 5230 ||| Stepping ~*~*~tactically~*~*~ (stealth).
  5337 | D:5      | Found Kenoedapp's Self-Improvement Boutique.
  5538 | D:5      | Reached skill level 1 in Dodging
  5949 | D:6      | 5949 ||| Stepping ~*~*~tactically~*~*~ (stealth).
  5951 | D:6      | 5951 ||| STAIRDANCE
  5980 | D:6      | Reached XP level 9. HP: 49/54 MP: 9/9
  6111 | D:6      | 6111 ||| Stepping ~*~*~tactically~*~*~ (stealth).
  6130 | D:6      | 6130 ||| Stepping ~*~*~tactically~*~*~ (stealth).
  6146 | D:6      | Reached skill level 6 in Fighting
  6181 | D:6      | Noticed Duvessa
  6181 | D:6      | Noticed Dowan
  6182 | D:6      | 6182 ||| Stepping ~*~*~tactically~*~*~ (hiding).
  6189 | D:6      | Killed Duvessa
  6195 | D:6      | 6195 ||| Stepping ~*~*~tactically~*~*~ (hiding).
  6205 | D:6      | Killed Dowan
  6328 | D:6      | 6328 ||| Stepping ~*~*~tactically~*~*~ (stealth).
  6341 | D:6      | 6341 ||| Stepping ~*~*~tactically~*~*~ (stealth).
  6361 | D:6      | Found a staircase to the Ecumenical Temple.
  6362 | D:6      | 6362 ||| PLANNING TEMPLE
  6363 | D:6      | 6363 ||| Stepping ~*~*~tactically~*~*~ (hiding).
  6364 | D:6      | 6364 ||| Stepping ~*~*~tactically~*~*~ (hiding).
  6540 | Temple   | Entered the Ecumenical Temple
  6582 | Temple   | Became a worshipper of Warmaster Okawaru
  6610 | Temple   | 6610 ||| PLANNING D:1-11
  6741 | D:6      | 6741 ||| FLEEEEING.
  6742 | D:6      | 6742 ||| FLEEEEING.
  6746 | D:6      | 6746 ||| Stepping ~*~*~tactically~*~*~ (water).
  7381 | D:7      | Noticed Maggie
  7382 | D:7      | Paralysed by Maggie for 4 turns
  7390 | D:7      | Paralysed by Maggie for 2 turns
  7400 | D:7      | Paralysed by Maggie for 4 turns
  7407 | D:7      | Killed Maggie
  7576 | D:7      | 7576 ||| SWAPPING to +0 broad axe of flaming.
  7577 | D:7      | 7577 ||| DROPPING +2 vampiric whip.
  7578 | D:7      | 7578 ||| DROPPING +1 war axe of freezing.
  7626 | D:7      | Found a hazy altar of Hepliaklqana.
  7753 | D:7      | Reached * piety under Okawaru
  7990 | D:7      | Noticed Joseph
  7993 | D:7      | 7993 ||| INVOKING Heroism.
  8000 | D:7      | HP: 9/55 [Joseph/+4 quarterstaff of speed (11)]
  8001 | D:7      | 8001 ||| DRINKING potion of heal wounds.
  8006 | D:7      | HP: 13/55 [Joseph/+4 quarterstaff of speed (1)]
  8008 | D:7      | HP: 4/55 [Joseph/+4 quarterstaff of speed (10)]
  8008 | D:7      | Mangled by Joseph

Levels and vault maps discovered:
D:1:      nicolae_arrival_somewhat_less_tricky_arrival, layout_rooms,
          hellmonk_ecumenical_altar_watching_god, grunt_decor_junction,
          kennysheep_crisscross, grunt_decor_resistance
D:2:      layout_loops_ring, minmay_tromino_i4, uniq_natasha
D:3:      layout_basic, mainiacjoe_overflow_cross_hatched,
          pf_guarded_unrand_delatra, uniq_sigmund, uniq_jessica
D:4:      layout_basic, grunt_temple_overflow_champion_of_chaos,
          amethyst_overflow_temple_binary, uniq_crazy_yiuf_cottage
D:5:      layout_basic, mainiacjoe_overflow_24_doors, nicolae_shop_self_help
D:6:      layout_loops_ring, minmay_temple_entry_large_hall,
          serial_bayou_lake_a, uniq_duvessa
D:7:      layout_basic, general_overflow_altar, uniq_joseph, uniq_pikel,
          uniq_maggie
Temple:   nicolae_temple_bog_church

Skill      XL: |  1  2  3  4  5  6  7  8  9 |
---------------+----------------------------+-----
Axes           | 2 3 4 5 6 8 |  8.4
Shields        | 5 6 7 8 |  8.1
Fighting       | 4 5 6 |  6.2
Armour         | 4 5 |  5.0
Dodging        | 1 |  1.1
Throwing       | 2 |  2.9
Invocations    | |  0.3

Action                   |  1- 3 |  4- 6 |  7- 9 || total
-------------------------+-------+-------+-------++-------
Melee: War axe           |    86 |   131 |   284 ||   501
       Broad axe         |       |       |    33 ||    33
Throw: Boomerang         |       |     3 |     8 ||    11
Invok: Heroism           |       |       |     1 ||     1
  Use: Scroll            |     3 |    11 |     3 ||    17
       Potion            |       |       |     2 ||     2
Armor: Scale mail        |    34 |    51 |       ||    85
       Plate armour      |       |    15 |   172 ||   187
Dodge: Dodged            |    42 |    39 |    43 ||   124
Block: Buckler           |    17 |     9 |       ||    26
       Kite shield       |       |    28 |   124 ||   152

Table legend:
 A = Non-vault XP
 B = Vault XP
 C = Vault XP percentage of total XP
 D = Non-vault monster count
 E = Vault monster count
 F = Vault count percentage of total count
                 A         B        C        D         E       F
            +---------+---------+-------+---------+---------+-------
      Total |    3254 |    1016 |  23.8 |     140 |      15 |   9.7
            +---------+---------+-------+---------+---------+-------
        D:1 |      37 |       0 |   0.0 |      21 |       0 |   0.0
        D:2 |     185 |      42 |  18.5 |      33 |       4 |  10.8
        D:3 |      12 |     315 |  96.3 |       7 |       7 |  50.0
        D:4 |     565 |      50 |   8.1 |      27 |       1 |   3.6
        D:5 |     746 |       0 |   0.0 |      15 |       0 |   0.0
        D:6 |    1388 |     205 |  12.9 |      30 |       2 |   6.2
        D:7 |     321 |     404 |  55.7 |       7 |       1 |  12.5
            +---------+---------+-------+---------+---------+-------
